 Dungeon Crawl Stone Soup version 0.31.0-7-gf635a9b802 (webtiles) character file.

Game seed: 11692022367728269011

59 monsoonserge the Grasshopper (level 3, 0/28 HPs)
             Began as a Demonspawn Warper on Jan 23, 2024.
             Slain by a gnoll
             ... wielding a +0 halberd
              (5 damage)
             ... on level 2 of the Dungeon.
             The game lasted 00:05:11 (1570 turns).

monsoonserge the Grasshopper (Demonspawn Warper)    Turns: 1570, Time: 00:05:12

Health: 0/28       AC:  4    Str: 11    XL:     3   Next: 78%
Magic:  5/6        EV: 11    Int: 17    God:
Gold:   66         SH:  0    Dex: 12    Spells: 4/6 levels left

rFire   . . .        a - +0 mace
rCold   . . .        (no shield)
rNeg    . . .        b - +0 leather armour
rPois   .            (helmet restricted)
rElec   .            f - +0 cloak
rCorr   .            (no gloves)
SInv    .            (no boots)
Will    .....        (no amulet)
Stlth   +            (no ring)
HPRegen 0.24/turn    (no ring)
MPRegen 0.10/turn

%: no passive effects
@: brilliant, on blink cooldown
A: horns 1, big brain 1
a: no special abilities


You were on level 2 of the Dungeon.
You visited 1 branch of the dungeon, and saw 2 of its levels.

You collected 66 gold pieces.

Inventory:

Hand Weapons
 a - a +0 mace (weapon)
Missiles
 d - 7 darts of dispersal (quivered)
Armour
 b - a +0 leather armour (worn)
 f - a +0 cloak (worn)
Talismans
 h - a maw talisman
Scrolls
 c - a scroll of blinking
 i - a scroll of vulnerability {unknown}
 j - 2 scrolls of identify {unknown}
 k - a scroll of revelation {unknown}
Potions
 g - a potion of invisibility {unknown}


   Skills:
 + Level 2.6 Fighting
 + Level 2.4 Maces & Flails
 + Level 0.8 Throwing
 + Level 1.4 Armour
 + Level 2.1 Dodging
 + Level 2.1 Spellcasting
 + Level 2.9 Translocations


You had 4 spell levels left.
You knew the following spells:

 Your Spells              Type           Power      Damage    Failure   Level
a - Blink                 Tloc           34%        N/A       11%         2

Your spell library contained the following spells:

 Spells                   Type           Power      Damage    Failure   Level
 Apportation              Tloc           34%        N/A       8%          1
 Lesser Beckoning         Tloc           34%        N/A       11%         2
 Teleport Other           Tloc           17%        N/A       22%         3
 Jinxbite                 Hex            4%         N/A       36%         2
 Sublimation of Blood     Necr           2%         N/A       36%         2
 Manifold Assault         Tloc           17%        N/A       58%         4
 Vhi's Electric Charge    Tloc/Air       20%        N/A       80%         4
 Petrify                  Alch/Erth      2%         N/A       94%         4
 Alistair's Intoxication  Alch           1%         N/A       100%        5
 Irradiate                Conj/Alch      1%         3d12      100%        5


Dungeon Overview and Level Annotations

Branches:
Dungeon (2/15)

Altars:


Innate Abilities, Weirdness & Mutations

You have a pair of small horns on your head.
You have an unusually large brain. (Int +2)


Message History

A gnoll comes into view. It is wielding a +0 halberd.
The gnoll misses you. The gnoll closely misses you.
You completely miss the gnoll. Your headbutt misses the gnoll.
You punch the gnoll, but do no damage. The gnoll misses you.
The gnoll hits you from afar with a +0 spear.
You hit the gnoll.
You headbutt the gnoll, but do no damage.
The gnoll is lightly wounded.
The gnoll closely misses you. The gnoll hits you but does no damage.
The gnoll hits you with a +0 spear! The gnoll closely misses you.
You closely miss the gnoll. The gnoll hits you with a +0 spear.
The gnoll hits you from afar with a +0 spear!
* * * LOW HITPOINT WARNING * * *
The gnoll hits you but does no damage. The gnoll closely misses you.
It was a potion of curing.
You feel better. The gnoll barely misses you.
The gnoll hits you from afar with a +0 spear!
It was a potion of heal wounds.
You feel much better. The gnoll completely misses you.
The gnoll hits you from afar with a +0 spear.
It was a potion of brilliance.
You feel clever all of a sudden. The gnoll hits you with a +0 spear!
The gnoll completely misses you.
Casting: Blink (safe; 11% risk of failure)
Confirm with . or Enter, or press ? or * to list all spells.
Okay, then.
The gnoll hits you from afar with a +0 spear.
The gnoll attacks as it pursues you!
The gnoll hits you from afar with a +0 spear.
The gnoll hits you but does no damage.
Casting: Blink (safe; 11% risk of failure)
Confirm with . or Enter, or press ? or * to list all spells.
You feel a surge of power!
You blink.
The gnoll hits you from afar with a +0 halberd.
* * * LOW HITPOINT WARNING * * *
The gnoll attacks as it pursues you!
The gnoll hits you from afar with a +0 halberd.
* * * LOW HITPOINT WARNING * * *
Unknown command.
The gnoll hits you from afar with a +0 halberd.
You die...

##..............#
##..##########...# ## ####..##
#...# .##########....## #...#
.........#.#.### #...#
###########.## #...#
######...##.###############...###
.......#.#...[##..g.gg....#...#..
.......#.#....##@##########...###
#......#.#.......# #...#
#.###.##.#....#.## #...# #.#
#.##.######.# #...# #.#
#..#.....##.# # #...# #.#
########.#... .## #...# #.#
#....#.#### #.# #...# #.#
#.##.#.# #.# ###.## #.# #.##.#.#
#.# #..##


You could see 3 gnolls.

Vanquished Creatures
  A gnoll (D:1)
  An adder (D:2)
  A dart slug (D:1)
  4 ball pythons
  2 bats (D:1)
  5 endoplasms (D:2)
  2 giant cockroaches (D:1)
  3 goblins
  3 hobgoblins (D:1)
  5 jackals
  2 quokkas
  A frilled lizard (D:1)
  4 rats
34 creatures vanquished.

Notes
Turn   | Place    | Note
-------+----------+-------------------------------------------
     0 | D:1      | monsoonserge the Demonspawn Warper began the quest for the
                  | Orb.
     0 | D:1      | Reached XP level 1. HP: 16/16 MP: 3/3
    75 | D:1      | Gained mutation: You have an unusually large brain. (Int
                  | +2) [demonic ancestry]
    75 | D:1      | Reached XP level 2. HP: 12/22 MP: 5/5
   121 | D:1      | Learned a level 2 spell: Blink
   285 | D:1      | Reached skill level 1 in Armour
   361 | D:1      | Gained mutation: You have a pair of small horns on your
                  | head. [demonic ancestry]
   361 | D:1      | Reached XP level 3. HP: 24/28 MP: 6/6
  1570 | D:2      | Slain by a gnoll

Illustrated notes

Levels and vault maps discovered:
D:1:      dpeg_arrival_stone_temple_mockup, layout_rooms, minmay_cut_off
D:2:      layout_loops_ring, serial_co_window_serial, co_window_paths_a,
          co_window_corner_a, co_window_of_opportunity_a, co_window_corner_a,
          co_window_corner_a, co_window_paths_b, co_window_paths_b,
          co_window_paths_b, co_window_corner_a, co_window_corner_b,
          co_window_broadway_b, co_window_2corner

Skill      XL: |  1  2  3 |
---------------+----------+-----
Armour         | 1 |  1.4
Maces & Flails | 2 |  2.4
Dodging        | 2 |  2.1
Fighting       | |  2.6
Throwing       | |  0.8
Spellcasting   | |  2.1
Translocations | |  2.9

Action                     || total
---------------------------++-------
  Melee: Mace              ||   125
         Punch             ||     4
         Headbutt          ||     6
   Cast: Blink             ||     1
    Use: Potion            ||     3
 Armour: Leather armour    ||   116
  Dodge: Dodged            ||   103
